Map: 2000 Atmospheres LE

Players

Pumba - Winner!

  • Race: Zerg Zerg
  • League: Master
  • Spawn Location: 7:00

MicroJackson

  • Race: Terran Terran
  • League: Master
  • Spawn Location: 3:00

VOD

Have the link to the VOD?

Description

Time

  • Played on: Sept. 14, 2021, 7:09 p.m.
  • Length: 11:16
Show
View Real Time Build Order
Export as new Build Order

Pumba Zerg - Winner!

Build Orders: Hatch First 

Get SALT Encoding   

  12  0:00  Drone  
  13  0:12  Overlord  
  13  0:17  Drone  
  14  0:30  Drone x2  
  16  0:48  Hatchery  
  15  0:51  Drone  
  15  0:54  Drone  
  18  0:57  Drone  
  18  1:11  Spawning Pool  
  18  1:17  Drone, Extractor  
  17  1:19  Drone  
  18  1:29  Drone  
  19  1:41  Drone  
  20  1:53  Overlord  
  20  1:59  Queen  
  20  2:00  Queen  
  20  2:01  Zergling x4  
  26  2:12  Drone  
  26  2:15  Drone  
  28  2:24  Drone x2, Extractor  
  29  2:36  Hatchery  
  28  2:39  Drone x2  
  30  2:48  Queen  
  32  2:54  Overlord  
  32  2:58  Drone x3  
  35  3:12  Drone x2  
  36  3:13  Drone x5  
  41  3:22  Roach Warren  
  40  3:29  Drone  
  40  3:34  Drone x2, Overlord  
  43  3:36  Overlord  
  43  3:43  Drone  
  44  3:50  Zergling x8  
  44  3:55  Evolution Chamber  
  47  3:57  Lair  
  47  4:00  Extractor  
  47  4:02  Extractor x2  
  44  4:10  Queen  
  44  4:11  Drone x2  
  44  4:13  Drone  
  44  4:14  Drone  
  44  4:15  Drone  
  44  4:16  Drone x3  
  44  4:17  Drone x2  
  56  4:26  Roach x4  
  64  4:37  Queen  
  66  4:43  Overlord x3  
  66  4:44  Overlord  
  66  5:03  Drone x10  
  76  5:08  Infestation Pit  
  75  5:18  Zerg Ground Armor Level 1  
  75  5:20  Drone x2  
  77  5:22  Drone x6  
  77  5:25  Extractor  
  77  5:26  Overseer  
  77  5:28  Extractor  
  81  5:41  Drone x3  
  84  5:43  Drone x3  
  84  5:45  Overlord x3  
  84  5:47  Pathogen Glands  
  84  5:49  Overlord  
  87  5:56  Evolution Chamber  
  86  6:01  Drone  
  87  6:07  Roach x9  
  105  6:12  Roach  
  106  6:19  Roach x4  
  106  6:23  Roach x2  
  106  6:24  Roach  
  97  6:29  Roach x2  
  95  6:35  Roach Warren  
  85  6:46  Hatchery  
  74  6:48  Drone x3  
  73  6:59  Drone x4  
  77  7:07  Infestor  
  77  7:08  Infestor  
  81  7:16  Infestor x2  
  81  7:19  Glial Reconstitution  
  85  7:23  Infestor  
  87  7:39  Drone x3  
  87  7:40  Drone x6  
  96  8:00  Drone x2  
  96  8:01  Drone x3  
  96  8:02  Drone  
  96  8:03  Drone x3  
  105  8:10  Overlord  
  105  8:12  Zerg Missile Weapons Level 1, Zerg Ground Armor Level 2  
  105  8:21  Roach x5  
  115  8:29  Overlord  
  115  8:30  Overlord  
  115  8:31  Roach x2  
  119  8:39  Roach x3  
  125  8:52  Overlord x3  
  125  8:57  Roach x5  
  135  9:11  Overlord  
  135  9:15  Drone x2  
  137  9:22  Infestor x2  
  151  9:24  Roach x6  
  151  9:28  Roach x2  
  147  9:43  Roach x6  
  159  9:50  Roach x2  
  159  9:51  Extractor  
  159  9:52  Extractor  
  161  9:53  Overlord  
  161  10:04  Overlord x2  
  161  10:06  Roach x3  
  167  10:15  Overlord  
  167  10:17  Roach x2  
  167  10:33  Roach x7  
  171  10:39  Roach x4  
  173  10:48  Roach x3  
  173  10:49  Roach  
Show
View Real Time Build Order
Export as new Build Order

MicroJackson Terran 

Build Orders: Reaper Expand 

Get SALT Encoding   

  12  0:00  SCV  
  13  0:12  SCV  
  14  0:17  Supply Depot  
  14  0:24  SCV  
  15  0:38  SCV  
  15  0:40  Barracks  
  16  0:44  Refinery  
  16  0:51  SCV  
  17  1:03  SCV  
  18  1:15  SCV  
  19  1:27  Reaper  
  19  1:28  Orbital Command  
  20  1:39  Command Center  
  20  1:46  Supply Depot  
  20  1:53  SCV  
  21  1:59  Marine  
  22  2:08  SCV  
  23  2:10  Factory  
  23  2:17  Refinery  
  23  2:20  SCV  
  23  2:22  Barracks Reactor  
  24  2:40  SCV  
  25  2:48  Barracks  
  24  2:54  SCV, Barracks  
  23  3:07  SCV  
  25  3:14  Barracks Tech Lab  
  25  3:19  Hellion x2  
  28  3:20  Orbital Command  
  28  3:21  SCV  
  29  3:32  Stimpack  
  29  3:33  SCV, Marine  
  31  3:40  Barracks Reactor  
  31  3:41  Hellion x2  
  35  3:43  Barracks Reactor  
  35  3:48  SCV x2  
  36  3:52  Marine  
  38  4:02  Supply Depot  
  38  4:04  Starport  
  38  4:05  Hellion  
  38  4:09  Hellion  
  42  4:11  SCV  
  42  4:12  SCV  
  42  4:14  Marine  
  45  4:26  Supply Depot, Marine  
  45  4:27  Marine x3  
  49  4:32  Marine  
  49  4:35  Armory  
  50  4:40  SCV x2  
  50  4:44  Marine  
  53  4:49  Supply Depot, Factory Tech Lab  
  53  4:51  Marine x2  
  53  4:52  SCV x2, Marine  
  58  4:53  Marine  
  59  5:04  SCV x2, Marine  
  62  5:10  Medivac x2, Marine x3  
  69  5:14  Supply Depot  
  69  5:16  Combat Shield  
  69  5:18  Marine  
  70  5:36  Supply Depot, SCV x2, Siege Tank, Marine  
  76  5:46  Refinery  
  76  5:47  Engineering Bay  
  76  5:48  Engineering Bay, SCV x2, Refinery  
  78  5:58  Marine x3  
  78  6:00  SCV x2  
  78  6:02  Supply Depot, Marine x2  
  85  6:23  Medivac, Siege Tank  
  84  6:44  Marine  
  84  6:45  Marine x3  
  78  6:55  Marine  
  78  6:56  Command Center  
  78  6:57  Barracks, Siege Tank  
  78  6:58  Barracks  
  78  6:59  Medivac  
  78  7:00  Medivac  
  86  7:02  Marine x2  
  86  7:03  Marine  
  86  7:06  Marine  
  90  7:10  Supply Depot, Terran Infantry Weapons Level 1  
  90  7:11  SCV x2  
  90  7:12  Supply Depot  
  90  7:13  Marine  
  93  7:20  Marine  
  93  7:21  Terran Infantry Armor Level 1  
  94  7:25  SCV  
  94  7:28  Supply Depot  
  94  7:32  SCV, Marine x2  
  97  7:39  SCV  
  97  7:41  Siege Tank  
  97  7:43  Medivac  
  103  7:46  Concussive Shells  
  103  7:49  SCV  
  103  7:50  Barracks Tech Lab x2  
  104  7:51  SCV  
  101  8:01  SCV  
  101  8:05  Marine x4  
  106  8:13  Siege Tank  
  106  8:14  Command Center  
  109  8:22  Marine x2  
  109  8:24  Marauder, Marine x4  
  117  8:34  Terran Vehicle Weapons Level 1  
  117  8:40  Marauder, Marine  
  118  8:52  Marauder, Marine x3  
  118  8:53  Siege Tank, Marine  
  127  8:58  Marauder  
  127  9:02  Marauder  
  131  9:05  Barracks, Factory  
  131  9:06  Barracks  
  131  9:08  SCV x2  
  133  9:11  Orbital Command  
  133  9:20  Marine  
  132  9:25  Marine x4  
  132  9:26  Siege Tank, Marauder x2  
  141  9:44  Marauder  
  143  9:46  SCV x3, Marine  
  143  9:49  Factory Tech Lab  
  147  10:00  Refinery  
  147  10:04  Refinery  
  147  10:12  Marine  
  148  10:27  Marine  
  148  10:28  Marine  
  148  10:29  Marine  
  148  10:30  Marauder  
  148  10:31  Marauder  
  148  10:32  Marauder  
  140  10:40  Marine  
  114  10:45  Marine  
  114  10:46  Marine  
  112  10:51  Marauder  
  112  10:53  Marauder  
Tags
 
Add a new tag
Caveats
  • Supply blocks, unpowered buildings, or Contaminate may cause inaccurate times.
  • Supply counts are checked every 10 seconds.